 Dungeon Crawl Stone Soup version 0.23.0-33-g5e6c059fef (webtiles) character file.

Game seed: 4764761792393475830

863 Gargoyl the Distorting Centaur (level 7, -11/59 HPs)
             Began as a Centaur Abyssal Knight on Feb 27, 2019.
             Was a Believer of Lugonu.
             Mangled by an ogre
             ... wielding a +0 giant spiked club
              (13 damage)
             ... on level 6 of the Dungeon.
             The game lasted 00:09:25 (7467 turns).

Gargoyl the Distorting Centaur (CeAK)               Turns: 7467, Time: 00:09:26

Health: -11/59     AC: 10    Str: 15      XL:     7   Next: 72%
Magic:  10/10      EV:  5    Int: 10      God:    Lugonu [**....]
Gold:   249        SH:  0    Dex:  4 (7)  Spells: 6/6 levels left

rFire    . . .     SeeInvis .   a - +3 hand axe
rCold    + + +     Gourm    .   t - -7 shield "Ygorghulee" {rPois rC+++ Int-4 Dex-3} (curse)
rNeg     . . .     Faith    .   i - +0 scale mail
rPois    +         Spirit   .   q - +0 helmet
rElec    .         Reflect  .   g - +0 cloak
rCorr    .         Harm     .   b - +0 pair of gloves
MR       .....                  (no barding)
Stlth    ..........             (no amulet)
HPRegen  0.19/turn              (no ring)
MPRegen  0.12/turn              u - +3 ring of intelligence

@: flying, very quick
A: large, hooves 3, deformed body, speed 2, tough skin 3
a: Depart the Abyss, Bend Space, Renounce Religion


You were on level 6 of the Dungeon.
You worshipped Lugonu.
Lugonu was pleased with you.
You were not hungry.

You visited 1 branch of the dungeon, and saw 6 of its levels.
You visited the Abyss 1 time.

You collected 249 gold pieces.

Inventory:

Hand Weapons
 a - a +3 hand axe (weapon)
Armour
 b - a +0 pair of gloves (worn)
 e - a +0 large shield
 g - a +0 cloak (worn)
 i - a +0 scale mail (worn)
 q - a +0 helmet (worn)
 t - the cursed -7 shield "Ygorghulee" (worn) {rPois rC+++ Int-4 Dex-3}
   (You found it on level 6 of the Dungeon)

   It affects your intelligence (-4).
   It affects your dexterity (-3).
   It renders you almost immune to cold.
   It protects you from poison.
   It has a curse placed upon it.
Jewellery
 u - a +3 ring of intelligence (right hand)
Wands
 s - a wand of iceblast (4)
Scrolls
 h - 3 scrolls of teleportation
 n - a scroll of fog
 o - 3 scrolls of identify
Potions
 d - a potion of lignification {unknown}
 l - 2 potions of degeneration {unknown}
 m - 3 potions of haste {unknown}
 p - a potion of resistance {unknown}
 r - a potion of cancellation {unknown}
Comestibles
 c - 7 rations


   Skills:
 + Level 4.0 Fighting
 + Level 4.0 Axes
 * Level 4.0 Armour
 + Level 1.4 Dodging
 + Level 2.3 Shields
 * Level 4.1 Invocations


You had 6 spell levels left.
You didn't know any spells.
Your spell library contained the following spells:

 Spells                   Type           Power        Failure   Level  Hunger
 Haunt                    Necr/Summ      #.........   100%        7    #######
 Borgnjor's Revivificati  Necr           #.........   100%        8    #######
 Death's Door             Chrm/Necr      #.........   100%        8    #######
 Infestation              Necr           #.........   100%        8    #######
 Necromutation            Tmut/Necr      #.........   100%        8    #######


Dungeon Overview and Level Annotations

Branches:
Dungeon (6/15)             Temple (0/1) D:5

Altars:
Elyvilon
Hepliaklqana
Nemelex Xobeh
Ru
Vehumet
Yredelemnul
Zin
The Shining One


Innate Abilities, Weirdness & Mutations

You have hooves in place of feet.
Armour fits poorly on your strangely shaped body.
You cover ground very quickly.
You have extremely tough skin. (AC +3)


Message History

You hit the ogre.
The ogre is heavily wounded.
The ogre barely misses you.
You hit the ogre.
The ogre is severely wounded.
The ogre hits you with a +0 giant spiked club.
* * * LOW HITPOINT WARNING * * *
You hit the ogre but do no damage. Your kick misses the ogre.
The ogre is severely wounded.
The ogre hits you but does no damage.
You closely miss the ogre.
The ogre is severely wounded.
You hit the ogre.
The ogre is severely wounded.
The ogre hits you with a +0 giant spiked club.
* * * LOW HITPOINT WARNING * * *
You hit the ogre.
The ogre is almost dead.
The ogre hits you with a +0 giant spiked club!
You die...

#..#........#..##
#....................
##..........#..........
#..........#..#.......
#.............#.......
#..........#........##
#....................##
#......O......(.......#
#.....^#@.##.........<#
#.........#...........##
#................[.....#
####...###.................
#.......##.........[...[.#.
#........#.#.#..[..........
##...............[.........
####.......#..#.)...........
#≈##.......#..........).....


You could see an ogre.

Vanquished Creatures
  2 ice beasts (D:5)
  2 scorpions
  A howler monkey (D:4)
  A centaur zombie (D:6)
  A quasit (D:5)
  A jelly (D:6)
  3 hounds (D:4)
  5 orc wizards
  2 worker ants
  4 adders
  4 gnolls (D:3)
  An ooze (D:2)
  3 worms
  A dart slug (D:1)
  2 leopard geckos
  4 orcs
  2 ball pythons
  6 giant cockroaches
  8 goblins
  4 hobgoblins
  12 jackals
  10 kobolds
  3 quokkas
  3 bats
  4 frilled lizards
  A leopard gecko skeleton (D:4)
  5 rats
95 creatures vanquished.

Vanquished Creatures (others)
  A rat (D:1)
1 creature vanquished.

Grand Total: 96 creatures vanquished

Notes
Turn   | Place    | Note
-------+----------+-------------------------------------------
     0 | Abyss:1  | Gargoyl the Centaur Abyssal Knight began the quest for the
                  | Orb.
     0 | Abyss:1  | Reached XP level 1. HP: 19/19 MP: 2/2
   207 | Abyss:2  | Noticed a tentacled starspawn
   238 | Abyss:2  | Noticed a jelly
   243 | Abyss:2  | Noticed an ice devil
   262 | Abyss:2  | Noticed a small abomination
   263 | Abyss:2  | Noticed an eye of draining
   277 | D:1      | Escaped the Abyss
   874 | D:1      | Reached XP level 2. HP: 26/26 MP: 3/3
  1337 | D:2      | Reached * piety under Lugonu
  1693 | D:2      | Reached XP level 3. HP: 30/31 MP: 4/4
  2445 | D:2      | Reached XP level 4. HP: 36/38 MP: 5/5
  3379 | D:4      | Found a glowing golden altar of the Shining One.
  3379 | D:4      | Found a radiant altar of Vehumet.
  3380 | D:4      | Found a hazy altar of Hepliaklqana.
  4016 | D:3      | Reached skill level 1 in Shields
  4318 | D:3      | Reached XP level 5. HP: 24/45 MP: 7/7
  4859 | D:4      | Reached ** piety under Lugonu
  4897 | D:4      | Reached skill level 1 in Dodging
  4918 | D:4      | Found a sacrificial altar of Ru.
  5042 | D:4      | Reached XP level 6. HP: 36/52 MP: 8/8
  5381 | D:4      | Found a sparkling altar of Nemelex Xobeh.
  5384 | D:4      | Found a basalt altar of Yredelemnul.
  5387 | D:4      | Found a white marble altar of Elyvilon.
  5549 | D:4      | HP: 2/52 [poisoned by a scorpion]
  5557 | D:4      | HP: 2/52 [poisoned by a scorpion]
  6127 | D:5      | Entered Level 5 of the Dungeon
  6245 | D:5      | Found a basalt altar of Yredelemnul.
  6253 | D:5      | Found a staircase to the Ecumenical Temple.
  6275 | D:5      | Noticed an ice beast
  6291 | D:5      | Killed an ice beast
  6291 | D:5      | Reached XP level 7. HP: 58/58 MP: 9/9
  6338 | D:5      | HP: 1/58 [ice beast (13)]
  6823 | D:5      | Found a glowing silver altar of Zin.
  6824 | D:5      | Noticed an angel
  7401 | D:6      | Got a slimy shield
  7452 | D:5      | Identified the cursed -7 shield "Ygorghulee" {rPois rC+++
                  | Int-4 Dex-3} (You found it on level 6 of the Dungeon)
  7466 | D:6      | HP: 2/59 [ogre/+0 giant spiked club (6)]
  7467 | D:6      | Mangled by an ogre

Skill      XL: |  1  2  3  4  5  6  7 |
---------------+----------------------+-----
Axes           | 2 3 4 |  4.0
Armour         | 2 3 4 |  4.0
Shields        | 1 2 |  2.3
Dodging        | 1 |  1.4
Invocations    | 3 4 |  4.1
Fighting       | 4 |  4.0

Action                   |  1- 3 |  4- 6 |  7- 9 || total
-------------------------+-------+-------+-------++-------
Melee: Hand axe          |   127 |   207 |    68 ||   402
       Kick              |    17 |    46 |    11 ||    74
       Short sword       |     1 |       |       ||     1
Invok: Depart the Abyss  |     1 |       |       ||     1
Evoke: Wand              |       |       |     2 ||     2
  Use: Scroll            |     1 |     6 |     2 ||     9
       Potion            |     1 |     1 |     4 ||     6
 Stab: Invisible         |       |     2 |       ||     2
       Paralysed         |       |     1 |       ||     1
  Eat: Chunk             |     3 |    11 |     1 ||    15
       Ration            |       |       |     1 ||     1
Armor: Leather armour    |     5 |       |       ||     5
       Scale mail        |    59 |   135 |    87 ||   281
Dodge: Dodged            |     7 |    26 |    12 ||    45
Block: Large shield      |    77 |   132 |    78 ||   287
